 Dungeon Crawl Stone Soup version 0.16-a0-4053-g5391420 (webtiles) character file.

113 BluebellGnoll the Sneak (level 4, -3/23 HPs)
             Began as a Spriggan Abyssal Knight on Feb 20, 2015.
             Was a Believer of Lugonu.
             Hit by a stone thrown by a gnoll (7 damage)
             ... on level 3 of the Dungeon.
             The game lasted 00:09:01 (2192 turns).

BluebellGnoll the Sneak (Spriggan Abyssal Knight)   Turns: 2192, Time: 00:09:02

Health: -3/23      AC:  3    Str:  8    XL:     4   Next: 65%
Magic:  9/9        EV: 18    Int: 14    God:    Lugonu [**....]
Gold:   148        SH:  0    Dex: 15    Spells: 0 memorised, 3 levels left

rFire  . . .     SeeInvis +     a - +1 short sword
rCold  . . .     Clarity  .     b - +1 robe
rNeg   . . .     SustAb   .     (shield restricted)
rPois  .         Gourm    .     (helmet restricted)
rElec  .         Spirit   .     (no cloak)
rCorr  .         Warding  .     (gloves unavailable)
rMut   .         Stasis   .     (boots unavailable)
MR     .....                    (no amulet)
Stlth  +++.......               (no ring)
                                (no ring)

@: very quick, not resistant to hostile enchantments, fairly stealthy
A: unfitting armour, see invisible, herbivore 3, speed 3, slow metabolism 2
a: Depart the Abyss, Bend Space, Renounce Religion


You were on level 3 of the Dungeon.
You worshipped Lugonu.
Lugonu was pleased with you.
You were not hungry.

You visited 1 branch of the dungeon, and saw 3 of its levels.
You visited the Abyss 1 time.

You collected 148 gold pieces.

Inventory:

Hand weapons
 a - a +1 short sword (weapon)
Missiles
 g - a tomahawk (quivered)
Armour
 b - a +1 robe (worn)
Scrolls
 e - 3 scrolls of teleportation
 f - a scroll of enchant armour
Potions
 d - a potion of lignification {unknown}
 h - a potion of flight {unknown}
 k - 2 potions of curing {unknown}
Comestibles
 c - a bread ration
 m - a slice of pizza


   Skills:
 - Level 2.4 Fighting
 - Level 4.1 Short Blades
 - Level 0.6 Armour
 - Level 3.0 Dodging
 + Level 4.8 Stealth
 - Level 1.7 Invocations


You had 3 spell levels left.
You didn't know any spells.

Dungeon Overview and Level Annotations

Branches:
Dungeon (3/15)

Altars:
Ashenzari
Ru

Annotations:
D:2 Sigmund


Innate Abilities, Weirdness & Mutations

You are tiny and cannot use many weapons and most armour.
You have supernaturally acute eyesight.
You are a herbivore.
You cover ground extremely quickly.
You need consume almost no food.


Message History

The gnoll throws a stone.
The stone hits you.
* * * LOW HITPOINT WARNING * * *
Throwing (i - inventory):
g - 4 tomahawks (quivered)
Press: ? - help, Shift-Dir - straight line, f - gnoll
Aim: a gnoll, wielding a flail of protection and wearing a leather armour You throw a tomahawk.
The tomahawk hits the gnoll but does no damage.
The gnoll throws a stone.
The stone barely misses you.
Throwing (i - inventory):
g - 3 tomahawks (quivered)
Press: ? - help, Shift-Dir - straight line, f/p - gnoll
Aim: a gnoll, wielding a flail of protection and wearing a leather armour You throw a tomahawk.
The tomahawk closely misses the gnoll.
The gnoll throws a stone.
The stone misses you.
Throwing (i - inventory):
g - 2 tomahawks (quivered)
Press: ? - help, Shift-Dir - straight line, f/p - gnoll
Aim: a gnoll, wielding a flail of protection and wearing a leather armour You throw a tomahawk.
The tomahawk hits the gnoll but does no damage.
The gnoll throws a stone.
The stone hits you!
You die...

#.........###
##.#....###
#......#
###...##
########
#.###
#....g.# #.#
#.# #.#
#g#####.#
#.....@>#
#########


You could see a gnoll.

Vanquished Creatures
  Ijyb (D:2)
  A gnoll (D:3)
  2 adders (D:3)
  A giant mite (D:3)
  2 worms (D:2)
  A giant gecko (D:3)
  An ooze (D:1)
  7 bats (D:1)
  3 giant cockroaches
  5 hobgoblins
  5 kobolds
  A giant newt (D:2)
  9 goblins
  9 rats
48 creatures vanquished.

Vanquished Creatures (others)
  A butterfly (D:3)
1 creature vanquished.

Grand Total: 49 creatures vanquished

Notes
Turn   | Place    | Note
--------------------------------------------------------------
     0 | Abyss:1  | BluebellGnoll, the Spriggan Abyssal Knight, began the quest for the Orb.
     0 | Abyss:1  | Reached XP level 1. HP: 11/11 MP: 2/2
   100 | Abyss:1  | Noticed a small abomination
   129 | Abyss:1  | Noticed a hellwing
   129 | D:1      | Escaped the Abyss
   168 | D:1      | Reached skill level 1 in Stealth
   450 | D:1      | Acquired Lugonu's first power
   545 | D:1      | Reached XP level 2. HP: 16/16 MP: 4/4
  1209 | D:2      | Reached skill level 4 in Stealth
  1274 | D:2      | Reached XP level 3. HP: 11/19 MP: 6/6
  1317 | D:2      | Found a shattered altar of Ashenzari.
  1319 | D:2      | Acquired Lugonu's second power
  1432 | D:2      | Noticed Ijyb
  1463 | D:2      | Killed Ijyb
  1724 | D:2      | Reached XP level 4. HP: 23/23 MP: 9/9
  1727 | D:2      | Noticed Sigmund
  2127 | D:3      | Found a sacrificial altar of Ru.
  2192 | D:3      | Hit by a stone thrown by a gnoll

Action                   |  1- 3 |  4- 6 || total
-------------------------+-------+-------++-------
Melee: Short sword       |   102 |    50 ||   152
Throw: Tomahawk          |       |    10 ||    10
Invok: Depart the Abyss  |     1 |       ||     1
  Use: Potion            |     1 |       ||     1
       Scroll            |       |     5 ||     5
 Stab: Sleeping          |     3 |     2 ||     5
